 Dungeon Crawl Stone Soup version 0.27.1-2-g3b301248ec (webtiles) character file.

Game seed: 9213291588497720566

51 Henske123 the Covered (level 4, -1/35 HPs)
             Began as a Human Fighter on Sept 29, 2021.
             Slain by a gnoll (5 damage)
             ... on level 2 of the Dungeon.
             The game lasted 00:10:42 (1550 turns).

Henske123 the Covered (Human Fighter)               Turns: 1550, Time: 00:10:42

Health: -1/35      AC:  6    Str: 16    XL:     4   Next: 5%
Magic:  4/4        EV:  7    Int:  9    God:
Gold:   88         SH:  9    Dex: 13    Spells: 3/3 levels left

rFire    . . .     SeeInvis .   a - +0 long sword
rCold    . . .     Faith    .   c - +0 kite shield
rNeg     . . .     Spirit   .   b - +0 scale mail
rPois    .         Reflect  .   (no helmet)
rElec    .         Harm     .   (no cloak)
rCorr    .         Rampage  .   (no gloves)
Will     .....                  (no boots)
Stlth    ..........             h - amulet of magic regeneration
HPRegen  0.11/turn              (no ring)
MPRegen  0.34/turn              (no ring)

@: no status effects
A: no striking features
a: no special abilities


You were on level 2 of the Dungeon.
You visited 1 branch of the dungeon, and saw 2 of its levels.

You collected 88 gold pieces.

Inventory:

Hand Weapons
 a - a +0 long sword (weapon)
Armour
 b - a +0 scale mail (worn)
 c - a +0 kite shield (worn)
Jewellery
 h - an amulet of magic regeneration (around neck)
Scrolls
 e - a scroll of identify {unknown}
 f - a scroll of teleportation {unknown}
 g - a scroll of fog {unknown}
 k - a scroll of enchant weapon {unknown}
Potions
 d - a potion of might
 i - a potion of lignification {unknown}
 j - a potion of brilliance {unknown}
 l - a potion of resistance {unknown}
 m - a potion of attraction {unknown}


   Skills:
 + Level 3.4 Fighting
 + Level 2.6 Long Blades
 + Level 3.5 Armour
 + Level 3.3 Shields


You had 3 spell levels left.
You didn't know any spells.
Your spell library contained the following spells:

 Spells                   Type           Power      Damage    Failure   Level
 Blink                    Tloc           N/A        N/A       100%        2
 Lesser Beckoning         Tloc           0%         N/A       100%        3
 Manifold Assault         Tloc           0%         N/A       100%        5
 Summon Forest            Summ/Tloc      0%         N/A       100%        5
 Eringya's Noxious Bog    Tmut/Pois      0%         N/A       100%        6
 Summon Hydra             Summ           0%         N/A       100%        7


Dungeon Overview and Level Annotations

Branches:
Dungeon (2/15)

Altars:


Message History

The gnoll is moderately wounded.
You slash the gnoll!
The gnoll is heavily wounded.
The gnoll hits you but does no damage. You block the gnoll's attack. x2
Your shield and scale mail prevent you from hitting the gnoll.
The gnoll is heavily wounded.
You block the gnoll's attack.
The gnoll hits you but does no damage. x2
The gnoll hits you with a +0 whip.
You hit the gnoll.
The gnoll is almost dead.
The gnoll hits you with a +0 club. The gnoll hits you with a +0 whip.
You block the gnoll's attack. The gnoll hits you but does no damage.
You block the gnoll's attack.
You hit the gnoll.
You kill the gnoll!
The gnoll barely misses you.
You riposte.
You hit the gnoll.
The gnoll is moderately wounded.
The gnoll hits you with a +0 club. You block the gnoll's attack.
You have reached level 4!
You feel agile.
You hit the gnoll.
The gnoll is moderately wounded.
The gnoll hits you but does no damage. The gnoll hits you with a +0 whip.
The gnoll barely misses you.
The gnoll hits you but does no damage. x2
You barely miss the gnoll.
The gnoll is moderately wounded.
The gnoll closely misses you. The gnoll hits you with a +0 club.
* * * LOW HITPOINT WARNING * * *
The gnoll closely misses you.
You riposte.
You hit the gnoll.
The gnoll is heavily wounded.
The gnoll hits you but does no damage.
You hit the gnoll.
The gnoll is almost dead.
The gnoll barely misses you.
You riposte.
You hit the gnoll.
The gnoll is heavily wounded.
The gnoll hits you with a +0 whip.
* * * LOW HITPOINT WARNING * * *
The gnoll hits you but does no damage. You block the gnoll's attack.
The gnoll hits you with a +0 whip.
You die...

# ###### # #######....# ## # #
#....@g.##'## .. . ####
#.##.gg##8.8## #. .. #>.
......##..gg.## ....g #.#
#....##8.....8## .#g..
#.###############.........##...
...............#8.........8#.#
#.#............'...........'.#
#.....†........#8.........8#.....
#.#.########...##.........##..###


You could see 3 gnolls.

Vanquished Creatures
  A gnoll (D:2)
  A worm (D:2)
  2 dart slugs (D:1)
  2 ball pythons
  6 bats (D:1)
  5 endoplasms
  A hobgoblin (D:1)
  A kobold (D:1)
  4 frilled lizards
  5 goblins
  5 rats
33 creatures vanquished.

Notes
Turn   | Place    | Note
-------+----------+-------------------------------------------
     0 | D:1      | Henske123 the Human Fighter began the quest for the Orb.
     0 | D:1      | Reached XP level 1. HP: 18/18 MP: 1/1
   203 | D:1      | Reached XP level 2. HP: 24/24 MP: 2/2
   547 | D:1      | Reached XP level 3. HP: 28/29 MP: 3/3
  1548 | D:2      | Reached XP level 4. HP: 19/35 MP: 4/4
  1550 | D:2      | Slain by a gnoll

Illustrated notes

Levels and vault maps discovered:
D:1:      tarquinn_simple_flora_water_f, layout_basic, minmay_liquid_box
D:2:      layout_basic, dk_noncrumbling_4, dk_vineyard_2

Action                   |  1- 3 |  4- 6 || total
-------------------------+-------+-------++-------
Melee: Long sword        |    83 |     3 ||    86
Armor: Scale mail        |    53 |     5 ||    58
Dodge: Dodged            |    28 |     4 ||    32
Block: Kite shield       |    69 |     1 ||    70
       Rpst.: Long sword |    15 |     2 ||    17
